 Dungeon Crawl Stone Soup version 0.25.1-2-g60ff931df9 (webtiles) character file.

Game seed: 4064859074615261451

277 H0rd4k the Insei (level 6, 0/38 HPs)
             Began as an Octopode Transmuter on Aug 3, 2020.
             Slain by a centaur zombie (3 damage)
             ... in an ossuary.
             The game lasted 00:05:32 (3591 turns).

H0rd4k the Insei (Octopode Transmuter)              Turns: 3591, Time: 00:05:32

Health: 0/38       AC:  5    Str:  9    XL:     6   Next: 25%
Magic:  10/10      EV: 14    Int: 18    God:
Gold:   216        SH:  0    Dex: 12    Spells: 4/10 levels left

rFire    . . .     SeeInvis .     - Unarmed
rCold    . . .     Gourm    .   (no shield)
rNeg     . . .     Faith    .   (helmet restricted)
rPois    .         Spirit   .   (no amulet)
rElec    .         Reflect  .   h - +4 ring of protection
rCorr    .         Harm     .   (no ring)
MR       .....                  (no ring)
Stlth    +++.......             (no ring)
HPRegen  0.12/turn              (no ring)
MPRegen  0.12/turn              (no ring)
                                (no ring)
                                (no ring)

@: no status effects
A: almost no armour, stealthy swim, amphibious, 8 rings, constrict 8, camouflage
1, gelatinous body 1
a: no special abilities


You were in an ossuary.
You were hungry.

You visited 1 branch of the dungeon, and saw 4 of its levels.
You also visited: Ossuary.

You collected 216 gold pieces.

Inventory:

Missiles
 a - 28 arrows
Jewellery
 h - a +4 ring of protection (left tentacle)
Scrolls
 b - a scroll of amnesia {unknown}
 i - 2 scrolls of fear {unknown}
 l - 4 scrolls of identify {unknown}
 o - 2 scrolls of random uselessness {unknown}
Potions
 d - a potion of brilliance {unknown}
 e - 6 potions of heal wounds {unknown}
 f - a potion of magic {unknown}
 g - a potion of berserk rage {unknown}
 j - a potion of flight {unknown}
 k - a potion of might {unknown}
 m - 2 potions of lignification {unknown}
 n - 2 potions of curing {unknown}
Comestibles
 c - 5 rations


   Skills:
 + Level 1.2 Fighting
 + Level 3.0 Dodging
 + Level 2.8 Stealth
 + Level 4.6 Unarmed Combat
 * Level 2.7 Spellcasting
 * Level 3.5 Transmutations


You had 4 spell levels left.
You knew the following spells:

 Your Spells              Type           Power        Failure   Level  Hunger
a - Beastly Appendage     Tmut           ###...       4%          1    #......
b - Sticks to Snakes      Tmut           ###.....     6%          2    ##.....
c - Spider Form           Tmut/Pois      #.........   24%         3    ###....

Your spell library contained the following spells:

 Spells                   Type           Power        Failure   Level  Hunger
 Ice Form                 Ice/Tmut       #.......     63%         4    #####..
 Blade Hands              Tmut           ###.......   73%         5    ######.


Dungeon Overview and Level Annotations

Branches:
Dungeon (4/15)            Ossuary (1/1)
 Temple: D:4-7

Altars:
Nemelex Xobeh
Ru
Sif Muna
Trog
Vehumet
The Shining One

Shops:
D:4 ?


Innate Abilities, Weirdness & Mutations

You cannot wear most types of armour.
You are very stealthy in the water. (Stealth+)
You are amphibious.
You can wear up to eight rings at the same time.
You can use your tentacles to constrict eight enemies at once.
Your skin changes colour to match your surroundings (Stealth+).
Your rubbery body absorbs attacks. (AC +1, EV +1)


Message History

The centaur zombie closely misses you. The centaur zombie barely misses you.
You tentacle-slap the centaur zombie.
The centaur zombie is moderately damaged.
The centaur zombie hits you!
* * * LOW HITPOINT WARNING * * *
You bludgeon the centaur zombie!
The centaur zombie is heavily damaged.
The centaur zombie hits you.
* * * LOW HITPOINT WARNING * * *
You tentacle-slap the centaur zombie.
The centaur zombie is heavily damaged.
The centaur zombie hits you!
* * * LOW HITPOINT WARNING * * *
You tentacle-slap the centaur zombie.
The centaur zombie is severely damaged.
The centaur zombie misses you.
You tentacle-slap the centaur zombie. You squeeze the centaur zombie.
The centaur zombie is almost destroyed.
The centaur zombie hits you.
You die...

######################
#....................#
#....................#
#........8..8........#
#....................#
#...######^.######...#
#...#....#.^#.@..#...#
#...#.#..#.^#Z.#.#...#
#...#.####.^####.#...#
#...#............#...#
#...#.####.......#...#
#...#.#..#.......#...#
#...#....#.......#...#
#...######.∩.....#...#
#...#........'####...#


You could see a centaur zombie.

Vanquished Creatures
  2 human zombies (Ossuary)
  A worker ant (D:4)
  2 mummies (Ossuary)
  6 adders
  An ooze (D:3)
  4 adder zombies (Ossuary)
  3 worms
  3 leopard geckos
  2 ball pythons
  6 giant cockroaches
  6 goblins
  10 hobgoblins
  10 kobolds
  2 quokkas
  5 bats
  2 frilled lizards
  12 hobgoblin zombies (Ossuary)
  A jackal zombie (Ossuary)
  9 kobold zombies (Ossuary)
  8 orc zombies (Ossuary)
  8 rats
103 creatures vanquished.

Notes
Turn   | Place    | Note
-------+----------+-------------------------------------------
     0 | D:1      | H0rd4k the Octopode Transmuter began the quest for the Orb.
     0 | D:1      | Reached XP level 1. HP: 13/13 MP: 3/3
     5 | D:1      | You fall into a shaft and drop 1 floor!
    18 | D:2      | Reached XP level 2. HP: 7/18 MP: 3/5
   669 | D:1      | Reached XP level 3. HP: 23/23 MP: 6/6
   673 | D:1      | Learned a level 2 spell: Sticks to Snakes
   677 | D:1      | Learned a level 3 spell: Spider Form
  1709 | D:2      | Reached skill level 1 in Stealth
  1709 | D:2      | Reached XP level 4. HP: 25/28 MP: 5/7
  2428 | D:3      | Found a shimmering blue altar of Sif Muna.
  2434 | D:3      | Reached skill level 4 in Unarmed Combat
  2463 | D:3      | Reached XP level 5. HP: 32/33 MP: 6/8
  2887 | D:3      | Found a sparkling altar of Nemelex Xobeh.
  2897 | D:3      | Found a sacrificial altar of Ru.
  2897 | D:3      | Found a glowing golden altar of the Shining One.
  2922 | D:3      | Found a radiant altar of Vehumet.
  3020 | D:3      | Found a bloodstained altar of Trog.
  3235 | D:4      | Found Olidetit's Magic Scroll Boutique.
  3269 | D:4      | Noticed an ogre
  3275 | D:4      | Found a sand-covered staircase.
  3280 | Ossuary  | Entered an ossuary
  3566 | Ossuary  | Reached XP level 6. HP: 25/38 MP: 9/9
  3591 | Ossuary  | Slain by a centaur zombie

Illustrated notes

Levels and vault maps discovered:
D:1:      lightli_arrival_windingriver, layout_basic
D:2:      layout_rooms, first_ration, minivault_19
D:3:      layout_loops_corners, nicolae_overflow_quartered_altars,
          gammafunk_temple_overflow_wave
D:4:      layout_cave_pods, lemuel_round_altar, serial_shops, shop,
          lightli_ossuary_entry_decrepit_ruins,
          hangedman_abyss_or_decor_lesser_grid, uniq_edmund
Ossuary:  ossuary_tomb_1

Skill      XL: |  1  2  3  4  5 |
---------------+----------------+-----
Stealth        | 1 2 |  2.8
Transmutations | 3 |  3.5
Unarmed Combat | 4 |  4.6
Dodging        | 3 |  3.0
Fighting       | |  1.2
Spellcasting   | |  2.7

Action                   |  1- 3 |  4- 6 || total
-------------------------+-------+-------++-------
Melee: Unarmed           |    86 |   198 ||   284
       Constrict         |    25 |    54 ||    79
       Tentacles         |    14 |    30 ||    44
       Kick              |     5 |    18 ||    23
       Punch             |     2 |     4 ||     6
 Cast: Beastly Appendage |     3 |    12 ||    15
 Stab: Sleeping          |     2 |    14 ||    16
  Eat: Chunk             |     2 |     6 ||     8
Armor: Skin              |     7 |    44 ||    51
Dodge: Dodged            |    55 |   109 ||   164
